 Dungeon Crawl Stone Soup version 0.22-a0-750-ga7dcef7 (webtiles) character file.

36743 Hebeh the Eclecticist (level 13, -6/72 HPs)
             Began as a Deep Elf Fire Elementalist on July 15, 2018.
             Was a High Priest of Vehumet.
             Mangled by a komodo dragon (24 damage)
             ... on level 4 of the Lair of Beasts.
             The game lasted 03:43:21 (28383 turns).

Hebeh the Eclecticist (Deep Elf Fire Elementalist) Turns: 28383, Time: 03:43:22

Health: -6/72      AC: 10    Str:  5    XL:     13   Next: 54%
Magic:  0/49       EV: 17    Int: 26    God:    Vehumet [*****.]
Gold:   378        SH:  0    Dex: 15    Spells: 11/42 levels left

rFire    + . .     SeeInvis .   a - staff of power
rCold    . . .     Gourm    .   (no shield)
rNeg     . . .     Faith    .   g - +0 robe
rPois    .         Spirit   .   E - +2 hat
rElec    .         Reflect  .   L - +2 cloak
rCorr    .         Harm     .   t - +2 pair of gloves
MR       +....                  (no boots)
Stlth    ++........             q - amulet of the acrobat
HPRegen  0.22/turn              n - ring of protection from fire
MPRegen  0.31/turn              H - ring of wizardry

@: about to teleport
A: no striking features
a: Renounce Religion


You were on level 4 of the Lair of Beasts.
You worshipped Vehumet.
Vehumet was extremely pleased with you.
You were not hungry.

You visited 4 branches of the dungeon, and saw 20 of its levels.

You collected 924 gold pieces.
You spent 546 gold pieces at shops.

Inventory:

Hand Weapons
 W - a +0 fustibalus
Missiles
 d - 444 stones
 f - 8 tomahawks (quivered)
 i - 335 arrows
 o - 150 sling bullets
 Y - a throwing net
Armour
 g - a +0 robe (worn)
 t - a +2 pair of gloves (worn)
 E - a +2 hat (worn)
 L - a +2 cloak (worn)
 N - a +1 helmet
 R - a +0 buckler
Magical Staves
 a - an uncursed staff of power (weapon)
 b - an uncursed staff of energy
Jewellery
 n - a ring of protection from fire (left hand)
 q - an amulet of the acrobat (around neck)
 H - a ring of wizardry (right hand)
Wands
 e - a wand of digging (17)
 j - a wand of paralysis (23)
 F - a wand of polymorph (31)
 I - a wand of iceblast (9)
 V - a wand of disintegration (16)
Scrolls
 h - 5 scrolls of identify
 l - 6 scrolls of remove curse
 m - 6 scrolls of amnesia
 p - 2 scrolls of fear
 v - a scroll of enchant weapon
 x - a scroll of fog
 y - 3 scrolls of immolation
 B - a scroll of blinking
 J - 4 scrolls of teleportation
 T - a scroll of holy word {unknown}
Potions
 k - 10 potions of curing
 r - 2 potions of lignification {unknown}
 s - 3 potions of flight
 u - 3 potions of agility {unknown}
 w - a potion of haste {unknown}
 z - 3 potions of ambrosia
 A - 3 potions of brilliance
 C - 2 potions of degeneration {unknown}
 D - a potion of experience {unknown}
 G - 4 potions of resistance
 K - 2 potions of might
 M - 2 potions of berserk rage {unknown}
 O - 4 potions of heal wounds
 P - 2 potions of magic {unknown}
 U - a potion of invisibility {unknown}
Miscellaneous
 S - a lightning rod (4/4)
Comestibles
 c - 17 rations
 Q - 2 chunks of flesh


   Skills:
 + Level 4.5 Fighting
 + Level 7.1 Dodging
 - Level 2.4 Stealth
 + Level 3.0 Shields
 * Level 15.0 Spellcasting
 * Level 13.8 Conjurations
 - Level 4.0 Translocations
 - Level 4.0 Transmutations
 * Level 13.0 Fire Magic


You had 11 spell levels left.
You knew the following spells:

 Your Spells              Type           Power        Failure   Level  Hunger
a - Flame Tongue          Conj/Fire      #####        0%          1    None
b - Iskenderun's Mystic   Conj           #######.     1%          4    None
c - Force Lance           Conj/Tloc      ######..     1%          4    None
d - Fireball              Conj/Fire      ######....   1%          5    #......
e - Mephitic Cloud        Conj/Pois/Air  #####...     1%          3    None
f - Ignite Poison         Fire/Tmut/Pois #####...     1%          3    None
g - Conjure Flame         Conj/Fire      ######..     1%          3    None
h - Inner Flame           Hex/Fire       ######..     1%          3    None
i - Throw Flame           Conj/Fire      ######       0%          2    None
j - Blink                 Tloc           N/A          1%          2    None
k - Magic Dart            Conj           ####         0%          1    None

Your spell library contained the following spells:

 Spells                   Type           Power        Failure   Level  Hunger
 Apportation              Tloc           #####.       1%          1    None
 Slow                     Hex            ###.....     1%          2    None
 Summon Small Mammal      Summ           ###.         1%          1    None
 Animate Skeleton         Necr           N/A          1%          1    None
 Sticky Flame             Conj/Fire      ######..     1%          4    None
 Call Imp                 Summ           ###.....     1%          2    None
 Spider Form              Tmut/Pois      ####......   1%          3    None
 Blade Hands              Tmut           #####.....   6%          5    #......
 Ice Form                 Ice/Tmut       ####....     4%          4    None
 Confusing Touch          Hex            ###...       1%          1    None
 Sticks to Snakes         Tmut           #####...     1%          2    None
 Beastly Appendage        Tmut           #####.       1%          1    None
 Fulminant Prism          Conj/Hex       ######....   1%          4    None
 Dazzling Spray           Conj/Hex       ######       1%          3    None
 Searing Ray              Conj           ######       0%          2    None


Dungeon Overview and Level Annotations

Branches:
Dungeon (12/15)            Temple (1/1) D:6            Lair (6/6) D:11
  Swamp (0/4) Lair:3       Spider (0/4) Lair:3        Slime (0/5) Lair:5
    Orc (1/2) D:12

Altars:
Ashenzari
Cheibriados
Fedhas
Gozag
Hepliaklqana
Kikubaaqudgha
Makhleb
Nemelex Xobeh
Okawaru
Qazlal
Ru
Sif Muna
Trog
Uskayaw
Vehumet
Wu Jian
Xom
Yredelemnul
Zin
The Shining One
Beogh

Shops:
D:9 (   D:11 !

Portals:
Trove: D:11 (give 7 potions of agility)


Message History

The komodo dragon bites you!! A mysterious force pulls you upwards.
The hatch slams shut behind you.
Casting: Iskenderun's Mystic Blast (safe; 1% risk of failure)
Confirm with . or Enter, or press ? or * to list all spells.
Aiming: Iskenderun's Mystic Blast (safe; 1% risk of failure)
Press: ? - help, Shift-Dir - straight line, f - komodo dragon
Aim: a komodo dragon The orb of energy hits the komodo dragon.
The komodo dragon is lightly wounded.
The orb of energy explodes!
The mystic blast hits the fungus.
The fungus is moderately damaged.
The komodo dragon bites you!
* * * LOW HITPOINT WARNING * * *
Okay, then.
Casting: Iskenderun's Mystic Blast (safe; 1% risk of failure)
Confirm with . or Enter, or press ? or * to list all spells.
You blink.
As you read the scroll of teleportation, it crumbles to dust.
You feel strangely unstable. The komodo dragon bites you!!
You die...

##.#...####.# # ##).###.#
##.## #######
#...###.###P..### #.#.#..
##..##........#.## ##.....
##...#..P.......#######.####
##.....#PP.......##..##..#
#........................#
#.................#.#....#
#.........#@l§......#...##
## #.........###.........P.#
.# #.P......#.#...#....#...#
##
##......##.#..P####......#
.## #...###.###.#..#
##.....#
..####.#.##.......##
#P.....####
.....)..........#.###
##...#.....
.......####.#.###...#
###<.#..### .###.#.#
#######..## #..........


You could see a komodo dragon.

Vanquished Creatures
  Harold (Lair:4)
  3 hydras
  Erica (D:10)
  2 two-headed ogres
  Nergalle (D:10)
  3 skeletal warriors (D:12)
  3 unseen horrors
  2 ugly things (D:11)
  2 cyclopes (D:12)
  5 elephants (Lair:3)
  Maurice (D:10)
  11 spiny frogs
  2 rime drakes
  4 komodo dragons
  A queen bee (D:9)
  3 jumping spiders (Lair:3)
  A polar bear (Lair:4)
  12 blink frogs
  A meliai zombie (D:12)
  5 hippogriffs
  A redback (Lair:3)
  A vampire (D:9)
  A wyvern (Lair:4)
  22 yaks
  A basilisk (Lair:4)
  5 vampire mosquitoes (Lair:3)
  Menkaure (D:6)
  2 wargs (Orc:1)
  9 water moccasins
  5 orc warriors
  2 black bears
  10 porcupines
  A necrophage (D:7)
  3 sky beasts
  6 ice beasts
  2 phantoms
  5 ogres
  11 centaurs
  6 wolves (Lair:2)
  6 crocodiles
  2 big kobolds (D:9)
  17 bullfrogs
  A water moccasin zombie (D:7)
  5 scorpions
  8 wights
  14 killer bees (D:9)
  2 electric eels
  A howler monkey (D:11)
  8 crimson imps
  2 quasits
  3 bullfrog zombies
  23 jellies
  A hound (D:7)
  5 centaur skeletons
  4 orc priests
  4 orc wizards
  A bullfrog skeleton (D:7)
  6 iguanas
  13 worker ants
  Terence (D:3)
  A hound zombie (D:9)
  A worker ant zombie (D:9)
  11 adders
  3 shadow imps
  An ooze (D:1)
  2 adder skeletons
  3 adder zombies
  3 worms (D:2)
  2 dart slugs (D:2)
  5 leopard geckos
  27 orcs
  9 giant cockroaches
  7 goblins
  5 hobgoblins
  6 jackals
  14 kobolds
  4 quokkas
  6 bats
  8 frilled lizards
  A quokka skeleton (D:8)
  A quokka zombie (D:5)
  5 rats
  3 fungi
  A plant (Lair:1)
414 creatures vanquished.

Vanquished Creatures (others)
  21 fungi
  9 plants
30 creatures vanquished.

Grand Total: 444 creatures vanquished

Notes
Turn   | Place    | Note
-------+----------+-------------------------------------------
     0 | D:1      | Hebeh the Deep Elf Fire Elementalist began the quest for the Orb.
     0 | D:1      | Reached XP level 1. HP: 10/10 MP: 6/6
   365 | D:1      | Reached XP level 2. HP: 15/15 MP: 5/8
  1097 | D:2      | Reached XP level 3. HP: 19/19 MP: 3/10
  1155 | D:2      | Learned a level 2 spell: Throw Flame
  1159 | D:2      | Learned a level 3 spell: Conjure Flame
  1163 | D:2      | Learned a level 3 spell: Inner Flame
  2332 | D:2      | Found a faded altar of an unknown god.
  2370 | D:2      | Reached XP level 4. HP: 24/24 MP: 9/11
  2593 | D:2      | Found a glowing golden altar of the Shining One.
  2673 | D:3      | Noticed Terence
  2688 | D:3      | Killed Terence
  2688 | D:3      | Reached skill level 4 in Spellcasting
  3243 | D:3      | Learned a level 1 spell: Magic Dart
  3727 | D:4      | Reached XP level 5. HP: 28/28 MP: 6/13
  4055 | D:4      | Found an opulent altar of Gozag.
  4183 | D:4      | Noticed a phantom
  4197 | D:4      | Killed a phantom
  4197 | D:4      | Reached skill level 5 in Spellcasting
  4197 | D:4      | Reached XP level 6. HP: 28/32 MP: 0/15
  4342 | D:4      | Reached skill level 5 in Conjurations
  4435 | D:4      | Reached skill level 5 in Fire Magic
  4853 | D:5      | Entered Level 5 of the Dungeon
  4863 | D:5      | Reached XP level 7. HP: 34/36 MP: 11/17
  5059 | D:5      | Reached skill level 6 in Spellcasting
  5088 | D:5      | Found an ancient bone altar of Kikubaaqudgha.
  5088 | D:5      | Found a deep blue altar of Sif Muna.
  6075 | D:5      | Reached XP level 8. HP: 41/41 MP: 14/20
  6107 | D:5      | Found an ornate altar of the Wu Jian Council.
  6410 | D:6      | Reached skill level 7 in Spellcasting
  6619 | D:6      | Learned a level 5 spell: Fireball
  6623 | D:6      | Learned a level 3 spell: Mephitic Cloud
  6626 | D:6      | Learned a level 2 spell: Blink
  6801 | D:6      | Found a staircase to the Ecumenical Temple.
  6910 | Temple   | Entered the Ecumenical Temple
  7106 | Temple   | Became a worshipper of Vehumet
  7277 | D:6      | Noticed Menkaure
  7280 | D:6      | Killed Menkaure
  7765 | D:6      | Reached skill level 8 in Spellcasting
  7841 | D:6      | Found a glowing golden altar of the Shining One.
  8483 | D:7      | Reached XP level 9. HP: 45/45 MP: 22/23
  8655 | D:7      | Reached skill level 1 in Translocations
  9045 | D:8      | Killed an unseen horror
  9045 | D:8      | Reached skill level 9 in Spellcasting
  9228 | D:8      | Reached * piety under Vehumet
  9228 | D:8      | Offered knowledge of Freeze by Vehumet.
  9527 | D:8      | Reached skill level 10 in Conjurations
  9634 | D:8      | Found a shimmering altar of Xom.
  9710 | D:8      | Found a snail-covered altar of Cheibriados.
  9771 | D:8      | Found a blossoming altar of Fedhas.
 10284 | D:9      | Found Zitutyanyo's Antique Weapon Emporium.
 10382 | D:9      | Reached skill level 10 in Spellcasting
 10804 | D:9      | Reached XP level 10. HP: 29/50 MP: 16/26
 11345 | D:9      | Noticed a two-headed ogre
 11374 | D:9      | Killed a two-headed ogre
 11734 | D:9      | HP: 1/50 [something (13)]
 12394 | D:9      | Reached skill level 11 in Spellcasting
 13373 | D:9      | Found Zitutyanyo's Antique Weapon Emporium.
 13626 | D:9      | Identified a scroll of acquirement
 13635 | D:9      | Learned a level 4 spell: Iskenderun's Mystic Blast
 13636 | D:10     | Entered Level 10 of the Dungeon
 13688 | D:10     | Noticed a two-headed ogre
 13695 | D:10     | Killed a two-headed ogre
 13695 | D:10     | Reached skill level 10 in Fire Magic
 13931 | D:10     | Noticed Maurice
 13936 | D:10     | Killed Maurice
 14108 | D:10     | Killed an unseen horror
 14108 | D:10     | Reached XP level 11. HP: 12/55 MP: 8/28
 14109 | D:10     | Reached ** piety under Vehumet
 14347 | D:9      | Learned a level 4 spell: Force Lance
 14368 | D:10     | Offered knowledge of Throw Frost by Vehumet.
 14372 | D:10     | Reached skill level 12 in Spellcasting
 14853 | D:10     | Noticed Nergalle
 14859 | D:10     | Noticed a spectral orc warlord
 14864 | D:10     | Killed Nergalle
 14864 | D:10     | Reached skill level 1 in Fighting
 15338 | D:10     | Noticed Erica
 15344 | D:10     | Killed Erica
 15780 | D:11     | Noticed a red ugly thing
 15785 | D:11     | Killed a red ugly thing
 16459 | D:11     | Found a staircase to the Lair.
 16472 | Lair:1   | Entered Level 1 of the Lair of Beasts
 17012 | D:11     | Noticed a purple ugly thing
 17023 | D:11     | Killed a purple ugly thing
 17236 | D:11     | Found a portal to a secret trove of treasure.
 17669 | D:11     | Found Fouxima's Distillery.
 17683 | D:11     | Bought a potion of curing for 42 gold pieces
 17683 | D:11     | Bought a potion of heal wounds for 70 gold pieces
 17683 | D:11     | Bought a potion of heal wounds for 70 gold pieces
 17683 | D:11     | Bought a potion of resistance for 140 gold pieces
 17683 | D:11     | Bought a potion of curing for 42 gold pieces
 17683 | D:11     | Bought a potion of brilliance for 56 gold pieces
 17683 | D:11     | Bought a potion of heal wounds for 70 gold pieces
 17683 | D:11     | Bought a potion of brilliance for 56 gold pieces
 18074 | D:12     | Found a staircase to the Orcish Mines.
 18083 | D:12     | Offered knowledge of Ignite Poison by Vehumet.
 18200 | D:11     | Learned a level 3 spell: Ignite Poison
 18213 | D:12     | Found a roughly hewn altar of Beogh.
 18221 | D:12     | Killed an unseen horror
 18221 | D:12     | Reached skill level 13 in Spellcasting
 18368 | Orc:1    | Entered Level 1 of the Orcish Mines
 18374 | Orc:1    | Noticed an orc high priest
 18376 | Orc:1    | Reached *** piety under Vehumet
 19180 | D:12     | Noticed a skeletal warrior
 19204 | D:12     | Killed a skeletal warrior
 19204 | D:12     | Reached XP level 12. HP: 64/64 MP: 9/31
 19425 | D:12     | Reached skill level 5 in Dodging
 20951 | Lair:1   | Reached skill level 1 in Transmutations
 21540 | Lair:1   | Reached skill level 1 in Shields
 22245 | Lair:2   | Offered knowledge of Stone Arrow by Vehumet.
 22824 | Lair:2   | Noticed an eight-headed hydra
 22830 | Lair:2   | Killed an eight-headed hydra
 22830 | Lair:2   | Reached skill level 14 in Spellcasting
 23377 | Lair:2   | Reached **** piety under Vehumet
 24148 | Lair:3   | Noticed a six-headed hydra
 24153 | Lair:3   | Killed a six-headed hydra
 24764 | Lair:3   | Found a staircase to the Swamp.
 24810 | Lair:3   | Found a hole to the Spider Nest.
 24812 | Lair:3   | Reached XP level 13. HP: 70/70 MP: 33/33
 24817 | Lair:3   | Offered knowledge of Static Discharge by Vehumet.
 25976 | Lair:4   | Noticed Harold
 26286 | Lair:4   | Killed Harold
 27721 | Lair:5   | Found a staircase to the Slime Pits.
 28295 | Lair:6   | Entered Level 6 of the Lair of Beasts
 28328 | Lair:6   | Reached skill level 15 in Spellcasting
 28366 | Lair:5   | Reached ***** piety under Vehumet
 28366 | Lair:5   | Offered knowledge of Lightning Bolt by Vehumet.
 28383 | Lair:4   | Mangled by a komodo dragon

Vault maps used:
D:1:      dpeg_arrival_three_same_balls, st_stairs_7
D:2:      marbit_many_paths, chequers_ecumenical_altar_island
D:3:      first_ration, uniq_terence
D:4:      lemuel_doored_altar
D:5:      minitemple, lemuel_coloured_pillars_altar
D:6:      minmay_temple_entry_grid, nicolae_tso_swordbearing_angel,
          uniq_menkaure
D:8:      grunt_temple_overflow_open
D:9:      serial_shops, nicolae_shop_stone, david_nohive_1
D:10:     uniq_nergalle, uniq_erica, uniq_maurice
D:11:     grunt_lair_entry_orc_guard_hut, serial_shops, shop,
          portal_ice_cave_entry_pillars_1, enter_trove_2
D:12:     minmay_orc_entry_temple_small, nicolae_water_bricks
Temple:   minmay_temple_curvy_branch
Lair:1:   lemuel_fruit_tree, serial_bayou_shore_b
Lair:2:   grunt_megastairs_2
Lair:3:   minmay_swamp_entry_swarm, spider_nest_entry_funnel_web
Lair:4:   uniq_harold
Lair:5:   minmay_slime_entry_jelly_boxes, serial_bayou_shore_a
Lair:6:   guppyfry_lair_end_dragon, wormcave, minmay_hedge_maze

Skill      XL: |  1  2  3  4  5  6  7  8  9 10 11 12 13 |
---------------+----------------------------------------+-----
Conjurations   | 2 3 4 5 7 9 10 11 12 13 | 13.8
Spellcasting   | 4 5 6 8 10 11 13 14 15 | 15.0
Fire Magic     | 4 5 6 7 8 10 11 12 13 | 13.0
Translocations | 3 4 |  4.0
Dodging        | 4 6 7 |  7.1
Fighting       | 2 4 |  4.5
Transmutations | 3 4 |  4.0
Shields        | 2 3 |  3.0
Stealth        | |  2.4

Action                   |  1- 3 |  4- 6 |  7- 9 | 10-12 | 13-15 || total
-------------------------+-------+-------+-------+-------+-------++-------
Melee: Unarmed           |     1 |       |       |       |       ||     1
       Staff             |       |       |       |     8 |     2 ||    10
 Fire: Hunting sling     |    70 |    17 |       |       |       ||    87
Throw: Stone             |     3 |       |       |       |       ||     3
 Cast: Flame Tongue      |    55 |    67 |   179 |   105 |     4 ||   410
       Magic Dart        |       |    46 |    95 |    24 |       ||   165
       Throw Flame       |       |     2 |       |       |       ||     2
       Fireball          |       |       |    18 |    68 |     9 ||    95
       Mephitic Cloud    |       |       |     2 |    16 |     9 ||    27
       Conjure Flame     |       |       |     2 |     7 |       ||     9
       Iskenderun's Myst |       |       |       |   193 |   102 ||   295
       Blink             |       |       |       |     4 |     1 ||     5
       Force Lance       |       |       |       |    52 |    16 ||    68
       Ignite Poison     |       |       |       |     7 |     5 ||    12
  Use: Scroll            |       |     4 |     8 |     9 |     4 ||    25
       Potion            |       |       |       |     4 |       ||     4
  Eat: Chunk             |     4 |     8 |    10 |    13 |     1 ||    36
       Ration            |       |       |     3 |    11 |     3 ||    17
Armor: Robe              |     7 |     5 |    24 |    44 |       ||    80
Dodge: Dodged            |    21 |    16 |    38 |    83 |    12 ||   170

Table legend:
 A = Spawn XP
 B = Non-spawn XP
 C = Spawn XP percentage of total XP
 D = Spawn monster count
 E = Non-spawn monster count
 F = Spawn count percentage of total count
 G = Total turns spent on level
                    A         B        C        D         E        F      G
               +---------+---------+-------+---------+---------+-------+---------
         Total |       0 |   52491 |   0.0 |       0 |     410 |   0.0 | 28383
               +---------+---------+-------+---------+---------+-------+---------
           D:1 |       0 |      29 |   0.0 |       0 |      14 |   0.0 |   937
           D:2 |       0 |      74 |   0.0 |       0 |      29 |   0.0 |  1717
           D:3 |       0 |      66 |   0.0 |       0 |      12 |   0.0 |  1006
           D:4 |       0 |     539 |   0.0 |       0 |      21 |   0.0 |  1193
           D:5 |       0 |     740 |   0.0 |       0 |      19 |   0.0 |  1468
           D:6 |       0 |    1090 |   0.0 |       0 |      26 |   0.0 |  1752
           D:7 |       0 |     994 |   0.0 |       0 |      11 |   0.0 |   739
           D:8 |       0 |    1434 |   0.0 |       0 |      13 |   0.0 |  1479
           D:9 |       0 |    3808 |   0.0 |       0 |      46 |   0.0 |  3388
          D:10 |       0 |    5705 |   0.0 |       0 |      32 |   0.0 |  1880
          D:11 |       0 |    3595 |   0.0 |       0 |      29 |   0.0 |  2164
          D:12 |       0 |    5736 |   0.0 |       0 |      27 |   0.0 |  2046
        Lair:1 |       0 |    3964 |   0.0 |       0 |      16 |   0.0 |  2142
        Lair:2 |       0 |    6670 |   0.0 |       0 |      29 |   0.0 |  1826
        Lair:3 |       0 |    7043 |   0.0 |       0 |      22 |   0.0 |  2138
        Lair:4 |       0 |    6419 |   0.0 |       0 |      26 |   0.0 |  1809
        Lair:5 |       0 |    3978 |   0.0 |       0 |      28 |   0.0 |   457
        Lair:6 |       0 |     196 |   0.0 |       0 |       1 |   0.0 |    10
         Orc:1 |       0 |     411 |   0.0 |       0 |       9 |   0.0 |    10
               +---------+---------+-------+---------+---------+-------+---------
